 Dungeon Crawl Stone Soup version 0.30-a0-462-gd5975efbca (webtiles) character file.

Game seed: 16296700550908039932

5465 Monkooky the Prestidigitator (level 10, -6/89 HPs)
             Began as an Armataur Delver on Dec 17, 2022.
             Was a Follower of Trog.
             Engulfed by a cloud of flame (22 damage)
             ... on level 9 of the Dungeon.
             The game lasted 00:21:29 (8477 turns).

Monkooky the Prestidigitator (Armataur Delver)      Turns: 8477, Time: 00:21:30

Health: -6/89      AC: 14    Str: 25    XL:     10   Next: 41%
Magic:  10/10      EV:  6    Int: 12    God:    Trog [*.....]
Gold:   530        SH:  0    Dex: 13    Spells: 9/9 levels left

rFire   . . .      SeeInvis .    w - +4 flail
rCold   + . .      Faith    +    (no shield)
rNeg    + . .      Spirit   .    T - +0 plate armour "Koaprigg" {rC+}
rPois   .          Reflect  .    q - +0 helmet
rElec   .          Harm     .    z - +0 cloak
rCorr   .          Roll     +    i - +0 pair of gloves
Will    ++...                    (no barding)
Stlth   ..........               d - amulet of faith
HPRegen 0.34/turn                m - ring of Miracles {rN+ Will++ Str+5 Dex-5}
MPRegen 0.12/turn                Q - +6 ring of dexterity

@: lethally poisoned (-6 -> -12)
A: large, rugged brown scales 3, deformed body, armoured tail, roll, long
tongue, awkward tongue
a: Renounce Religion, Berserk


You were on level 9 of the Dungeon.
You worshipped Trog.
Trog was aware of your devotion.
You visited 1 branch of the dungeon, and saw 9 of its levels.

You collected 530 gold pieces.

Inventory:

Hand Weapons
 a - a +0 mace
 w - a +4 flail (weapon)
 y - a +4 short sword of electrocution
 E - a +2 vorpal flail
 L - a +0 morningstar of venom
Missiles
 k - 3 boomerangs
 t - 5 javelins
Armour
 b - a +0 leather armour
 i - a +0 pair of gloves (worn)
 q - a +0 helmet (worn)
 z - a +0 cloak (worn)
 A - a +0 ring mail
 D - a +0 plate armour
 T - the +0 plate armour "Koaprigg" (worn) {rC+}
   (You found it on level 9 of the Dungeon)

   rC:        It protects you from cold.
Magical Staves
 x - a staff of conjuration
 C - a staff of cold
 M - a staff of earth
Jewellery
 d - an amulet of faith (around neck)
 l - a ring of fire
 m - the ring of Miracles (left hand) {rN+ Will++ Str+5 Dex-5}
   (You found it on level 6 of the Dungeon)

   [ring of positive energy]

   Str:       It affects your strength (+5).
   Dex:       It affects your dexterity (-5).
   rN:        It protects you from negative energy.
   Will:      It greatly increases your willpower.
 u - a ring of magical power
 Q - a +6 ring of dexterity (right hand)
Wands
 g - a wand of digging (3)
 H - a wand of flame (12) (quivered)
 N - a wand of mindburst (7)
Scrolls
 c - 3 scrolls of fog
 e - 4 scrolls of fear
 h - a scroll of amnesia
 s - 7 scrolls of teleportation {unknown}
 v - 5 scrolls of poison
 B - 3 scrolls of brand weapon
 G - 2 scrolls of vulnerability
 J - a scroll of blinking
 K - a scroll of immolation
 O - a scroll of magic mapping
 P - 6 scrolls of identify
 R - a scroll of silence {unknown}
Potions
 f - 3 potions of haste
 j - a potion of magic
 n - a potion of might
 o - 2 potions of brilliance {unknown}
 p - 4 potions of curing
 r - 2 potions of attraction {unknown}
 F - a potion of heal wounds {unknown}
 I - 2 potions of degeneration {unknown}
 S - a potion of mutation {unknown}


   Skills:
 - Level 6.4 Fighting
 + Level 8.4 Maces & Flails
 - Level 6.2 Armour
 - Level 3.2 Dodging
 - Level 5.6 Stealth
 - Level 8.8 Evocations


You had 9 spell levels left.
You didn't know any spells.
Your spell library contained the following spells:

 Spells                   Type           Power      Damage    Failure   Level
 Summon Small Mammal      Summ           0%         N/A       99%         1
 Call Canine Familiar     Summ           0%         N/A       100%        3
 Inner Flame              Hex/Fire       0%         N/A       100%        3
 Summon Guardian Golem    Hex/Summ       0%         N/A       100%        3
 Animate Dead             Necr           0%         N/A       100%        4
 Flame Wave               Conj/Fire      0%         2d4       100%        4
 Sticky Flame             Conj/Fire      0%         2d3       100%        4
 Borgnjor's Vile Clutch   Necr/Erth      0%         N/A       100%        5
 Death Channel            Necr           0%         N/A       100%        6


Dungeon Overview and Level Annotations

Branches:
Dungeon (9/15)             Temple (0/1) D:7
   Lair: D:8-11         Orc: D:9-12

Altars:
Elyvilon
Fedhas
Gozag
Kikubaaqudgha
Makhleb
Qazlal
Ru
Sif Muna
Trog
Xom
Zin

Annotations:
D:4 exclusion: downstairs
D:6 exclusion: downstairs


Innate Abilities, Weirdness & Mutations

You are completely covered in rugged brown scales. (AC +3, +7% HP)
Armour fits poorly on your strangely shaped body.
You have a long armoured tail.
You roll when moving toward enemies. (Rampage)
Your long tongue fully drains potion bottles. (2x potion effects)
Your tongue gives you trouble enunciating. (1.5x scroll delay)


Message History

The killer bee stings you but does no damage.
The queen bee calls on the killer bee to defend it!
The killer bee goes berserk!
The killer bee stings you but does no damage.
Unknown command.
Aiming: Mindburst
Press: ? - help, Shift-Dir - straight line, f - killer bee
Aim: a killer bee (inner flame, chance to affect: 93%)
The killer bee's mind is blasted!!
Trog accepts your kill.
The killer bee explodes!
The fiery explosion engulfs the killer bee!!!
Trog accepts your kill.
The fiery explosion engulfs the queen bee but does no damage.
The queen bee is lightly wounded.
The fiery explosion engulfs you!!
* * * LOW HITPOINT WARNING * * *
The killer bee explodes!
The fiery explosion engulfs the queen bee!!
Flame seeps out of the queen bee.
The queen bee is severely wounded.
The fiery explosion engulfs the killer bee!!
Trog accepts your kill.
The fiery explosion engulfs the killer bee!!
Trog accepts your kill.
The killer bee explodes!
The fiery explosion engulfs the killer bee!
Flame seeps out of the killer bee.
The killer bee is heavily wounded.
The fiery explosion engulfs the queen bee!!
Trog accepts your kill.
The queen bee explodes!
The killer bee explodes!
The fiery explosion engulfs the killer bee.
Flame seeps out of the killer bee.
The killer bee is heavily wounded.
The fiery explosion engulfs the killer bee!
Trog accepts your kill.
The killer bee explodes!
You are engulfed in blazing flames.
You die...

.........##P..P..P..P#
.........'#P..P....yP
.........##P..P..Py.
#.>.....## P..P§§§.
##.....## .y§§§
##...## #§§#
##'####### #§§#
####.......# ##§#
......####.# #@#
.......###.# #.#
###.....##.#####.#
##...............#
##......##.#######
.......###.#
#####..###.#
#####......#
.......#####


You could see a killer bee (inner flame).

Vanquished Creatures
  2 two-headed ogres
  A queen bee (D:9)
  A shadow (D:9)
  A wyvern (D:9)
  6 yaks
  2 water moccasins (D:5)
  3 sky beasts
  A black bear (D:6)
  An ice beast (D:5)
  2 ogres (D:5)
  2 centaurs (D:5)
  4 bullfrogs
  3 scorpions
  3 necrophages
  8 wights
  12 killer bees (D:9)
  A howler monkey (D:5)
  4 hounds
  4 orc priests
  4 jellies
  A gnoll bouda (D:4)
  An iguana (D:5)
  Terence (D:3)
  5 orc wizards
  6 gnolls
  3 adders
  5 white imps
  A worm (D:3)
  18 orcs
  8 ball pythons
  10 endoplasms
  2 giant cockroaches
  10 goblins
  8 hobgoblins
  6 kobolds
  4 quokkas
  A bat (D:3)
  6 rats
161 creatures vanquished.

Vanquished Creatures (collateral kills)
  An orc wizard (D:5)
  An orc (D:5)
2 creatures vanquished.

Vanquished Creatures (others)
  A quokka (D:5)
  8 plants (D:9)
9 creatures vanquished.

Grand Total: 172 creatures vanquished

Notes
Turn   | Place    | Note
-------+----------+-------------------------------------------
     0 | D:5      | Monkooky the Armataur Delver began the quest for the Orb.
     0 | D:5      | Reached XP level 1. HP: 19/19 MP: 1/1
    71 | D:4      | Noticed a scorpion
    81 | D:3      | Noticed Terence
   230 | D:1      | Reached XP level 2. HP: 26/26 MP: 2/2
   293 | D:1      | Reached skill level 1 in Armour
   373 | D:1      | Reached XP level 3. HP: 26/32 MP: 3/3
   980 | D:2      | Found a faded altar of an unknown god.
  1381 | D:3      | Reached XP level 4. HP: 24/40 MP: 4/4
  1770 | D:3      | Killed Terence
  2231 | D:4      | Reached XP level 5. HP: 21/49 MP: 5/5
  2503 | D:4      | Reached skill level 5 in Fighting
  2503 | D:4      | Reached XP level 6. HP: 40/59 MP: 6/6
  3250 | D:5      | Reached XP level 7. HP: 66/68 MP: 7/7
  3360 | D:5      | Reached skill level 1 in Evocations
  3436 | D:5      | Found a burning altar of Makhleb.
  3449 | D:5      | Found a white marble altar of Elyvilon.
  3464 | D:5      | Found a stormy altar of Qazlal.
  3873 | D:5      | Reached skill level 5 in Evocations
  3886 | D:5      | Reached XP level 8. HP: 43/75 MP: 8/8
  4119 | D:6      | Noticed a two-headed ogre
  4249 | D:5      | Reached skill level 5 in Armour
  4713 | D:6      | Identified the ring of Miracles {rN+ Will++ Str+5 Dex-5}
  5052 | D:6      | Killed a two-headed ogre
  5053 | D:6      | Reached XP level 9. HP: 79/83 MP: 9/9
  5128 | D:6      | Found a bloodstained altar of Trog.
  5135 | D:6      | Became a worshipper of Trog the Wrathful
  5247 | D:7      | Found a staircase to the Ecumenical Temple.
  5305 | D:7      | Found a sacrificial altar of Ru.
  5326 | D:7      | Found a shimmering altar of Xom.
  5930 | D:7      | Found a glowing silver altar of Zin.
  5932 | D:7      | Found an opulent altar of Gozag.
  6068 | D:7      | Found a blossoming altar of Fedhas.
  6112 | D:7      | Found a shimmering blue altar of Sif Muna.
  6662 | D:8      | Found an ancient bone altar of Kikubaaqudgha.
  6919 | D:8      | Reached skill level 5 in Maces & Flails
  7258 | D:9      | Noticed a two-headed ogre
  7261 | D:9      | Killed a two-headed ogre
  7262 | D:9      | Reached XP level 10. HP: 80/89 MP: 10/10
  7365 | D:9      | Identified the +0 plate armour "Koaprigg" {rC+}
  8163 | D:9      | Reached * piety under Trog
  8477 | D:9      | Engulfed by a cloud of flame

Illustrated notes

Levels and vault maps discovered:
D:1:      dpeg_arrival_water_fire, layout_rooms, grunt_decor_one_mirror,
          minmay_nonomino_d4
D:2:      layout_rooms, chequers_ecumenical_altar_island
D:3:      layout_loops_ring, uniq_terence
D:4:      layout_gridville
D:5:      layout_rooms, lemuel_doored_altar, grunt_qazlal_clouds,
          elyvilon_altar_4, serial_glass, glass_columns_a, glass_columns_a,
          st_stairs_1, chequers_serial_rivers_micro_e
D:6:      layout_rooms, mainiacjoe_overflow_alcove_1, kennysheep_generic_room_7
D:7:      layout_gridville, grunt_temple_overflow_gold_and_silver,
          lemuel_coloured_pillars_altar, mainiacjoe_overflow_divided_tiny,
          fedhas_altar_4, minmay_temple_entry_mini_moons
D:8:      layout_basic, mainiacjoe_overflow_boulevard, grunt_decor_resistance
D:9:      layout_loops_corners, nicolae_wwwww, nicolae_looking_at_the_future

Skill      XL: |  1  2  3  4  5  6  7  8  9 10 |
---------------+-------------------------------+-----
Maces & Flails | 2 3 6 8 |  8.4
Armour         | 2 3 6 |  6.2
Fighting       | 3 4 5 6 |  6.4
Evocations     | 5 7 8 |  8.8
Dodging        | 3 |  3.2
Stealth        | |  5.6

Action                   |  1- 3 |  4- 6 |  7- 9 | 10-12 || total
-------------------------+-------+-------+-------+-------++-------
Melee: Mace              |   113 |    13 |       |       ||   126
       Tailslap          |    12 |    16 |    21 |    12 ||    61
       Short sword       |       |   108 |   185 |     9 ||   302
       Punch             |       |       |     4 |       ||     4
       Flail             |       |       |    25 |    51 ||    76
       Morningstar       |       |       |    23 |       ||    23
Evoke: Wand              |       |       |    34 |    15 ||    49
  Use: Scroll            |     1 |       |     9 |     1 ||    11
       Potion            |       |     2 |     2 |       ||     4
 Stab: Sleeping          |     5 |     3 |     3 |       ||    11
       Distracted        |       |       |     1 |       ||     1
       Invisible         |       |       |     2 |       ||     2
Armor: Leather armour    |    64 |     4 |       |       ||    68
       Ring mail         |       |    62 |    89 |       ||   151
       Plate armour      |       |       |    68 |    49 ||   117
Dodge: Dodged            |    44 |    47 |   101 |    25 ||   217

Table legend: (Time is in decaauts)
 A = Elapsed time spent in this place.
 B = Non-inter-level travel time spent in this place.
 C = Inter-level travel time spent in this place.
 D = Time resting spent in this place.
 E = Time spent auto-exploring this place.
 F = Levels seen in this place.
 G = Mean time per level.
                   A        B        C        D        E       F      G
               +--------+--------+--------+--------+--------+-----+--------+
         Total |   8542 |   8328 |    214 |   1440 |   5234 |   9 |  949.1 |
       Dungeon |   8542 |   8328 |    214 |   1440 |   5234 |   9 |  949.1 |
               +--------+--------+--------+--------+--------+-----+--------+

Top non-repeatable levels by time:
     D:8: 1264 daAuts
     D:4: 1127 daAuts
     D:7: 1120 daAuts
     D:5: 1037 daAuts
     D:6: 1027 daAuts
     D:3: 869 daAuts
     D:9: 783 daAuts
     D:1: 665 daAuts
     D:2: 645 daAuts
